 Dungeon Crawl Stone Soup version 0.26.1-11-gd32895ea62 (webtiles) character file.

Game seed: 14917033946219104904

23712 mankey1987 the Bludgeoner (level 13, 0/114 HPs)
             Began as an Ogre Berserker on May 27, 2021.
             Was a High Priest of Trog.
             Slain by a seven-headed hydra (15 damage)
             ... on level 4 of the Lair of Beasts.
             The game lasted 00:37:21 (22527 turns).

mankey1987 the Bludgeoner (Ogre Berserker)         Turns: 22527, Time: 00:37:23

Health: 0/114      AC:  5    Str: 30    XL:     13   Next: 8%
Magic:  13/13      EV: 18    Int:  8    God:    Trog [*****.]
Gold:   783        SH:  0    Dex: 12    Spells: 12/12 levels left

rFire    . . .     SeeInvis .   d - +2 giant spiked club (flame)
rCold    . . .     Faith    .   (shield currently unavailable)
rNeg     . . .     Spirit   .   A - +2 robe {Will+}
rPois    .         Reflect  .   (helmet restricted)
rElec    .         Harm     .   (no cloak)
rCorr    .         Rampage  .   (gloves unavailable)
Will     ++...                  (boots unavailable)
Stlth    +.........             F - amulet of regeneration
HPRegen  0.69/turn              j - +6 ring of strength
MPRegen  0.13/turn              E - ring "Icod" {EV+4 Int+2}

@: no status effects
A: large, unfitting armour, dopey 1, mutation resistance 1, tough skin 1, wild
magic 1
a: Renounce Religion, Berserk, Trog's Hand, Brothers in Arms


You were on level 4 of the Lair of Beasts.
You worshipped Trog.
Trog was extremely pleased with you.
You visited 2 branches of the dungeon, and saw 14 of its levels.
You also visited: Ossuary.

You collected 945 gold pieces.
You spent 162 gold pieces at shops.

Inventory:

Hand Weapons
 d - a +2 giant spiked club of flaming (weapon)
Armour
 A - a +2 robe of willpower (worn)
Jewellery
 a - an uncursed ring of poison resistance
 j - a +6 ring of strength (left hand)
 k - an uncursed ring of resist corrosion
 o - an uncursed ring of flight
 p - an uncursed ring of protection from fire
 r - an uncursed ring of ice
 y - an uncursed ring of see invisible
 E - the ring "Icod" (right hand) {EV+4 Int+2}
   (You found it on level 4 of the Lair of Beasts)

   [ring of evasion]

   It affects your evasion (+4).
   It affects your intelligence (+2).
 F - an amulet of regeneration (around neck)
Wands
 e - a wand of enslavement (8)
 q - a wand of random effects (22)
 s - a wand of paralysis (32)
 t - a wand of polymorph (14)
 x - a wand of disintegration (10)
 z - a wand of acid (11)
 D - a wand of digging (3)
Scrolls
 b - 2 scrolls of fear
 f - 6 scrolls of teleportation
 h - 2 scrolls of enchant armour
 l - 6 scrolls of remove curse
 m - 2 scrolls of identify
 u - a scroll of random uselessness
 w - a scroll of magic mapping
 C - a scroll of blinking
Potions
 c - a potion of magic
 g - a potion of cancellation
 i - a potion of invisibility
 n - 2 potions of curing
 B - a potion of flight
Miscellaneous
 v - a lightning rod (4/4)


   Skills:
 - Level 4.0 Fighting
 * Level 18.7 Maces & Flails
 - Level 8.4 Dodging


You had 12 spell levels left.
You didn't know any spells.
Your spell library was empty.

Dungeon Overview and Level Annotations

Branches:
Dungeon (10/15)            Temple (0/1) D:5            Lair (4/6) D:10
  Swamp (0/4) Lair:2          Orc (0/2) D:10        Ossuary (visited)
  Snake: Lair:2-4    Spider: Lair:2-4

Altars:
Cheibriados
Elyvilon
Hepliaklqana
Kikubaaqudgha
Makhleb
Nemelex Xobeh
Okawaru
Ru
Sif Muna
Trog
Vehumet
Xom
The Shining One

Shops:
D:4 (   D:5 [   D:6 *


Innate Abilities, Weirdness & Mutations

You are too large for most types of armour.
You have tough skin. (AC +1)
You are dopey. (Int -2)
You are somewhat resistant to further mutation.
Your spells are a little harder to cast, but a little more powerful.


Message History

The seven-headed hydra completely misses you.
The seven-headed hydra bites you! x2
You sock the seven-headed hydra! You burn the seven-headed hydra.
The seven-headed hydra is almost dead.
The seven-headed hydra bites you! x2; The seven-headed hydra bites you.
The seven-headed hydra bites you! The seven-headed hydra bites you.
The seven-headed hydra bites you! The seven-headed hydra bites you.
You barely miss the seven-headed hydra.
The seven-headed hydra is almost dead.
The seven-headed hydra bites you! The seven-headed hydra bites you.
* * * LOW HITPOINT WARNING * * *
The seven-headed hydra bites you.
* * * LOW HITPOINT WARNING * * *
The seven-headed hydra bites you!
* * * LOW HITPOINT WARNING * * *
The seven-headed hydra closely misses you.
The seven-headed hydra bites you.
* * * LOW HITPOINT WARNING * * *
The seven-headed hydra bites you!
You die...

.....[...##
................#
................####
...................#
......<............#####
#....................P#P
#..............###.....
#.............## ##....
#.P.D@......## ###....
#....#P.....#.# #.....#
##.. #####..### #....##
## #### #....## #......#
#....### ....# ...# ..P


You could see a seven-headed hydra.

Vanquished Creatures
  2 hydras (Lair:3)
  Erica (D:9)
  An unseen horror (D:10)
  3 bog bodies (Lair:2)
  A necromancer (Lair:2)
  3 elephants
  Psyche (D:8)
  A torpor snail (Lair:4)
  5 cane toads
  4 komodo dragons
  A troll (D:10)
  Prince Ribbit (D:8)
  2 polar bears
  4 blink frogs
  6 dream sheep (Lair:4)
  A wraith (D:10)
  4 wyverns
  37 yaks
  2 swamp worms (D:7)
  9 water moccasins
  3 orc warriors
  2 ice beasts (D:4)
  3 phantoms
  2 sky beasts
  2 black bears
  A necrophage (D:6)
  6 ogres
  6 wolves (D:10)
  5 centaurs
  Blork the orc (D:6)
  9 bullfrogs
  4 scorpions
  14 wights
  5 howler monkeys
  2 electric eels
  A centaur zombie (D:6)
  4 jellies
  2 bullfrog skeletons
  3 centaur skeletons
  4 orc priests
  5 hounds
  7 orc wizards
  An iguana (D:10)
  7 worker ants
  4 polar bear simulacra (Lair:2)
  2 yak simulacra (Lair:2)
  2 wolf simulacra (Lair:2)
  7 big kobold zombies (Ossuary)
  2 hound skeletons
  A mummy (Ossuary)
  3 gnolls
  14 adders
  2 shadow imps
  2 white imps
  2 ufetubi
  3 adder zombies
  2 adder skeletons
  3 worms
  3 dart slugs
  2 leopard geckos
  18 orcs
  3 spectral bats (Ossuary)
  6 bats
  5 giant cockroaches
  7 goblins
  9 hobgoblins
  17 jackals
  8 quokkas
  4 bat simulacra (Ossuary)
  4 frilled lizards
  5 gnoll zombies (Ossuary)
  2 goblin simulacra (Ossuary)
  7 goblin zombies (Ossuary)
  A hobgoblin zombie (Ossuary)
  9 kobolds
  6 kobold simulacra (Ossuary)
  4 kobold zombies (Ossuary)
  6 orc zombies (Ossuary)
  13 rats
  3 rat simulacra (Ossuary)
  3 river rat simulacra (Lair:2)
  2 spectral goblins (Ossuary)
  4 spectral kobolds (Ossuary)
  2 spectral rats (Ossuary)
390 creatures vanquished.

Vanquished Creatures (others)
  3 fungi
  14 plants
17 creatures vanquished.

Grand Total: 407 creatures vanquished

Notes
Turn   | Place    | Note
-------+----------+-------------------------------------------
     0 | D:1      | mankey1987 the Ogre Berserker began the quest for the Orb.
     0 | D:1      | Reached XP level 1. HP: 24/24 MP: 1/1
    79 | D:1      | Reached skill level 3 in Maces & Flails
    87 | D:1      | Reached XP level 2. HP: 18/32 MP: 2/2
   614 | D:1      | Reached XP level 3. HP: 34/39 MP: 3/3
  1108 | D:2      | Reached ** piety under Trog
  1760 | D:2      | Reached XP level 4. HP: 48/48 MP: 4/4
  1807 | D:2      | Found a faded altar of an unknown god.
  2117 | D:2      | Reached skill level 4 in Maces & Flails
  2959 | D:3      | Found a white marble altar of Elyvilon.
  2962 | D:3      | Found an iron altar of Okawaru.
  2965 | D:3      | Found an ancient bone altar of Kikubaaqudgha.
  2972 | D:3      | Reached XP level 5. HP: 52/54 MP: 5/5
  2993 | D:3      | Found a hazy altar of Hepliaklqana.
  3876 | D:4      | Reached skill level 5 in Maces & Flails
  3889 | D:4      | Reached XP level 6. HP: 46/62 MP: 6/6
  4106 | D:4      | Found a sacrificial altar of Ru.
  4193 | D:4      | Found a shimmering altar of Xom.
  4369 | D:4      | Found Luunn's Antique Weapon Boutique.
  4449 | D:5      | Entered Level 5 of the Dungeon
  4453 | D:5      | Found Neginn's Antique Armour Emporium.
  4464 | D:5      | Noticed an ice beast
  4467 | D:5      | Noticed an ice beast
  4492 | D:4      | Gained mutation: You evolve. [potion of mutation]
  4492 | D:4      | Gained mutation: You are partially covered in slimy green
                  | scales. (AC +2) [potion of mutation]
  4498 | D:4      | Killed an ice beast
  4511 | D:4      | Killed an ice beast
  4512 | D:4      | Reached XP level 7. HP: 53/70 MP: 7/7
  4700 | D:4      | Reached skill level 6 in Maces & Flails
  4867 | D:5      | Found a staircase to the Ecumenical Temple.
  4988 | D:5      | Found a sand-covered staircase.
  5002 | Ossuary  | Entered an ossuary
  5055 | Ossuary  | Reached *** piety under Trog
  5367 | Ossuary  | Reached skill level 5 in Dodging
  5773 | Ossuary  | Reached **** piety under Trog
  5865 | D:5      | Reached skill level 7 in Maces & Flails
  5875 | D:5      | Reached XP level 8. HP: 78/78 MP: 8/8
  6132 | D:5      | Gained mutation: Your body sometimes deteriorates upon
                  | taking damage. [evolution]
  6157 | D:5      | Noticed a moth of wrath
  6161 | D:5      | Found a bloodstained altar of Trog.
  7764 | D:5      | Reached skill level 8 in Maces & Flails
  8311 | D:6      | Found a shimmering blue altar of Sif Muna.
  8338 | D:6      | Reached XP level 9. HP: 84/84 MP: 9/9
  8456 | D:6      | Noticed Blork the orc
  8469 | D:6      | Killed Blork the orc
  8470 | D:6      | Reached skill level 9 in Maces & Flails
  8768 | D:6      | Found Kesenuz's General Store.
  8776 | D:6      | Bought a scroll of teleportation for 36 gold pieces
  8776 | D:6      | Bought a scroll of enchant weapon for 90 gold pieces
  8776 | D:6      | Bought a scroll of teleportation for 36 gold pieces
  8802 | D:6      | Found a sparkling altar of Nemelex Xobeh.
  9303 | D:7      | Reached ***** piety under Trog
  9811 | D:7      | Found a radiant altar of Vehumet.
 10117 | D:7      | HP: 4/84 [swamp worm (21)]
 10126 | D:7      | Reached skill level 10 in Maces & Flails
 10979 | D:8      | Noticed Prince Ribbit
 10997 | D:7      | Reached XP level 10. HP: 90/92 MP: 10/10
 11003 | D:8      | Killed Prince Ribbit
 11401 | D:8      | Reached skill level 11 in Maces & Flails
 11476 | D:8      | Found a glowing golden altar of the Shining One.
 11490 | D:8      | Noticed Psyche
 11503 | D:8      | Killed Psyche
 11533 | D:8      | Lost mutation: You are partially covered in slimy green
                  | scales. (AC +2) [potion of mutation]
 11533 | D:8      | Lost mutation: Your body sometimes deteriorates upon taking
                  | damage. [potion of mutation]
 11533 | D:8      | Lost mutation: You evolve. [potion of mutation]
 11533 | D:8      | Gained mutation: You have an increased reservoir of magic.
                  | (+10% MP) [potion of mutation]
 11533 | D:8      | Gained mutation: You are partially covered in icy blue
                  | scales. (AC +2) [potion of mutation]
 11770 | D:8      | Found a burning altar of Makhleb.
 12267 | D:9      | Identified a scroll of acquirement
 12267 | D:9      | Acquired a manual of Maces & Flails
 12466 | D:9      | Reached skill level 12 in Maces & Flails
 12727 | D:9      | Noticed Erica
 12735 | D:9      | Killed Erica
 12740 | D:9      | Reached skill level 13 in Maces & Flails
 13054 | D:10     | Entered Level 10 of the Dungeon
 13197 | D:10     | Found a staircase to the Orcish Mines.
 13250 | D:10     | Reached XP level 11. HP: 47/100 MP: 12/12
 13254 | D:10     | Received a gift from Trog
 13255 | D:10     | Reached skill level 14 in Maces & Flails
 13646 | D:10     | Lost mutation: You are partially covered in icy blue
                  | scales. (AC +2) [potion of mutation]
 13646 | D:10     | Lost mutation: You have an increased reservoir of magic.
                  | (+10% MP) [potion of mutation]
 13646 | D:10     | Gained mutation: You are dopey. (Int -2) [potion of
                  | mutation]
 13646 | D:10     | Gained mutation: You are somewhat resistant to further
                  | mutation. [potion of mutation]
 13646 | D:10     | Gained mutation: Your spells are a little harder to cast,
                  | but a little more powerful. [potion of mutation]
 13716 | D:10     | Killed an unseen horror
 13717 | D:10     | Reached skill level 15 in Maces & Flails
 14043 | D:10     | Found a staircase to the Lair.
 14937 | Lair:1   | Entered Level 1 of the Lair of Beasts
 15262 | Lair:1   | You fall into a shaft and drop 1 floor!
 15274 | Lair:2   | Noticed a bog body
 15280 | Lair:2   | Killed a bog body
 15281 | Lair:2   | Reached skill level 16 in Maces & Flails
 15313 | Lair:2   | Noticed a bog body
 15319 | Lair:2   | Killed a bog body
 15320 | Lair:2   | Noticed a bog body
 15349 | Lair:2   | Killed a bog body
 16108 | Lair:1   | Found a snail-covered altar of Cheibriados.
 17463 | Lair:1   | Reached XP level 12. HP: 58/107 MP: 12/12
 18222 | Lair:2   | Reached skill level 17 in Maces & Flails
 19413 | Lair:2   | Found a staircase to the Swamp.
 19419 | Lair:2   | Received a gift from Trog
 20373 | Lair:3   | Noticed a seven-headed hydra
 20385 | Lair:3   | Killed a seven-headed hydra
 20444 | Lair:3   | Noticed a five-headed hydra
 20457 | Lair:3   | Killed a five-headed hydra
 20861 | Lair:3   | Reached skill level 18 in Maces & Flails
 20870 | Lair:3   | HP: 5/160 [yak (11)]
 21962 | Lair:4   | Reached XP level 13. HP: 19/114 MP: 13/13
 22491 | Lair:4   | Got a fine tin ring
 22501 | Lair:4   | Identified the ring "Icod" {EV+4 Int+2} (You found it on
                  | level 4 of the Lair of Beasts)
 22527 | Lair:4   | Slain by a seven-headed hydra

Illustrated notes

Levels and vault maps discovered:
D:1:      heliophobic_arrival_battle_scene, layout_rooms,
          chequers_serial_rivers_large_a
D:2:      layout_basic, chequers_ecumenical_altar_grove, kennysheep_potato
D:3:      layout_basic, grunt_temple_overflow_cloverleaf
D:4:      layout_basic, general_overflow_altar, old_standard_altar,
          serial_shops, kennysheep_mini
D:5:      layout_cave_pools, tgw_trog, minmay_temple_entry_grid, serial_shops,
          kennysheep_mini_moat, nicolae_ossuary_entry_ruins, minivault_11,
          nicolae_sextant
D:6:      layout_basic, led_sif_pool, marbit_many_paths, serial_shops,
          nicolae_shop_statue_plus, nrook_mini_vaults, uniq_blork_the_orc
D:7:      layout_basic, vehumet_crystals, worms_lemuel
D:8:      layout_cave_pools, old_standard_altar, kennysheep_little_box,
          uniq_psyche, uniq_prince_ribbit1
D:9:      layout_roguey, uniq_erica
D:10:     layout_rooms, erik_lair_island, orc_0_dummy
Lair:1:   statuecave_lemuel, layout_small_grid, lemuel_centaur_altar,
          serial_bayou_shore_b
Lair:2:   layout_big_grid, nicolae_swamp_entry_splash_gauntlet,
          eino_house_with_fridge, infiniplex_staircase_pool,
          serial_bayou_shore_a, grunt_megastairs_5
Lair:3:   layout_long_grid, serial_bayou_pond_e, grunt_megastairs_4
Lair:4:   layout_cave_pods, spider_nest_entry_webs

Skill      XL: |  1  2  3  4  5  6  7  8  9 10 11 12 |
---------------+-------------------------------------+-----
Maces & Flails | 3 4 5 7 8 10 13 16 18 | 18.7
Dodging        | 3 4 5 6 7 8 |  8.4
Fighting       | |  4.0

Action                   |  1- 3 |  4- 6 |  7- 9 | 10-12 | 13-15 || total
-------------------------+-------+-------+-------+-------+-------++-------
Melee: Mace              |   124 |   181 |   497 |       |       ||   802
       Flail             |       |       |   108 |   100 |       ||   208
       Giant spiked club |       |       |       |   237 |    13 ||   250
       Dire flail        |       |       |       |   151 |       ||   151
Invok: Berserk           |     1 |     2 |     9 |    15 |       ||    27
       Trog's Hand       |     1 |     2 |     3 |     4 |       ||    10
       Brothers in Arms  |       |       |       |     3 |       ||     3
  Use: Potion            |       |     5 |     2 |     9 |       ||    16
       Scroll            |       |       |    22 |    13 |     2 ||    37
 Stab: Sleeping          |       |     1 |     2 |       |       ||     3
       Invisible         |       |       |       |     2 |       ||     2
       Distracted        |       |       |       |     1 |       ||     1
Armor: Animal skin       |    47 |    42 |   192 |    38 |       ||   319
       Skin              |       |    17 |       |    12 |       ||    29
       Robe              |       |       |       |    49 |     1 ||    50
Dodge: Dodged            |   110 |   132 |   372 |   342 |    12 ||   968
